 Dungeon Crawl Stone Soup version 0.19-a0-1676-g39ae8cc (webtiles) character file.

372 Djon the Spear-Bearer (level 6, -1/44 HPs)
             Began as a Merfolk Gladiator on Sept 23, 2016.
             Slain by a worker ant (3 damage)
             ... on level 5 of the Dungeon.
             The game lasted 00:05:25 (2764 turns).

Djon the Spear-Bearer (Merfolk Gladiator)           Turns: 2764, Time: 00:05:26

Health: -1/44      AC:  7    Str: 21    XL:     6   Next: 71%
Magic:  6/6        EV: 13    Int:  7    God:
Gold:   228        SH:  0    Dex: 16    Spells: 0 memorised, 5 levels left

rFire  . . .     SeeInvis .     a - +0 trident
rCold  . . .     Gourm    .     h - +0 ring mail
rNeg   . . .     Faith    .     (no shield)
rPois  .         Spirit   .     c - +0 helmet
rElec  .         Dismiss  .     (no cloak)
rCorr  .         Reflect  .     t - +0 pair of gloves
MR     .....     Harm     .     (no boots)
Stlth  +......... Rnd*Tele +    (no amulet)
                                (no ring)
                                q - ring of teleportation (curse)

@: mighty, lethally poisoned (-1 -> -3), starving
A: change form in water, swift swim, stealthy swim
a: no special abilities


You were on level 5 of the Dungeon.
You were starving.

You visited 1 branch of the dungeon, and saw 5 of its levels.

You collected 228 gold pieces.

Inventory:

Hand Weapons
 a - a +0 trident (weapon)
 k - a +0 arbalest
Missiles
 d - 3 throwing nets (quivered)
 o - 4 tomahawks
 w - 6 bolts
Armour
 c - a +0 helmet (worn)
 h - a +0 ring mail (worn)
 t - a +0 pair of gloves (worn)
Jewellery
 q - a cursed ring of teleportation (left hand)
 y - an uncursed ring of protection from magic {unknown}
 A - an uncursed ring of positive energy {unknown}
Scrolls
 e - 2 scrolls of recharging {unknown}
 g - a scroll of random uselessness {unknown}
 i - 3 scrolls of teleportation {unknown}
 j - 2 scrolls of remove curse {unknown}
 r - a scroll of noise {unknown}
 u - a scroll of amnesia {unknown}
 x - a scroll of identify {unknown}
 B - a scroll of fear {unknown}
Potions
 l - a potion of might
 m - a potion of curing {unknown}
 p - a potion of cancellation {unknown}
 s - a potion of flight {unknown}
Comestibles
 b - a meat ration
 f - 3 bread rations
 n - 2 fruits
 v - 2 beef jerkies


   Skills:
 - Level 2.1 Fighting
 + Level 10.4 Polearms
 - Level 2.0 Throwing
 - Level 4.0 Dodging


You had 5 spell levels left.
You didn't know any spells.

Dungeon Overview and Level Annotations

Branches:
Dungeon (5/15)
 Temple: D:4-7

Altars:
Sif Muna

Annotations:
D:5 Djon's ghost, novice MfGl


Message History

* * * LOW HITPOINT WARNING * * *
You feel sick.
* * * LOW HITPOINT WARNING * * *
You feel sick. The worker ant closely misses you.
* * * LOW HITPOINT WARNING * * *
You feel sick.
Djon's ghost wails, "What do you have that I didn't have?"
You see here 2 bolts.
* * * LOW HITPOINT WARNING * * *
You feel sick. The worker ant closely misses you.
* * * LOW HITPOINT WARNING * * *
You feel sick.
There is a stone staircase leading up, spattered with blood here.
You see here 2 arrows.
It was a potion of might.
You feel very mighty all of a sudden. The worker ant barely misses you.
The worker ant bites you.
You die...

# (.. #####
...(..####...#
....#...(....#
......###....#
..... ##(..#
....#####...#
..#.(##.(...# ..
#.#....@#...#
#.#
#.#.#aa##.[.#
#..
#.#.#.#######
#.# #...#W#
#..##.....#
#..#W(...#
########.......#
.....!.........#
.......###.....#


You could see 2 worker ants and Djon's ghost.

Vanquished Creatures
  An ice beast (D:5)
  An ogre (D:4)
  2 iguanas
  A worker ant (D:4)
  2 adders
  An adder skeleton (D:4)
  A worm (D:2)
  4 dart slugs
  A leopard gecko (D:1)
  10 orcs
  3 giant cockroaches
  8 hobgoblins
  4 jackals (D:3)
  6 kobolds
  4 quokkas
  3 ball pythons
  9 bats
  4 frilled lizards
  11 goblins
  8 rats
84 creatures vanquished.

Notes
Turn   | Place    | Note
-------+----------+-------------------------------------------
     0 | D:1      | Djon the Merfolk Gladiator began the quest for the Orb.
     0 | D:1      | Reached XP level 1. HP: 16/16 MP: 1/1
    67 | D:1      | Reached skill level 5 in Polearms
    95 | D:1      | Reached XP level 2. HP: 18/22 MP: 2/2
   475 | D:1      | Reached skill level 6 in Polearms
   475 | D:1      | Reached XP level 3. HP: 27/27 MP: 3/3
   737 | D:2      | Found a deep blue altar of Sif Muna.
  1240 | D:3      | Reached XP level 4. HP: 33/33 MP: 4/4
  1259 | D:3      | Reached skill level 7 in Polearms
  1899 | D:4      | Reached skill level 8 in Polearms
  1927 | D:4      | Noticed an ogre
  1932 | D:4      | Killed an ogre
  1932 | D:4      | Reached skill level 9 in Polearms
  1932 | D:4      | Reached XP level 5. HP: 32/38 MP: 5/5
  2081 | D:4      | Reached XP level 6. HP: 44/44 MP: 6/6
  2423 | D:5      | Entered Level 5 of the Dungeon
  2429 | D:5      | Noticed Djon's ghost (novice MfGl)
  2436 | D:5      | Noticed an ice beast
  2735 | D:5      | Killed an ice beast
  2735 | D:5      | Reached skill level 10 in Polearms
  2756 | D:5      | HP: 2/44 [poisoned by a worker ant]
  2762 | D:5      | HP: 1/44 [poisoned by a worker ant]
  2764 | D:5      | Slain by a worker ant

Vault maps used:
D:1:      eino_arrival_druids_welcome
D:2:      lemuel_coloured_pillars_altar
D:3:      first_bread

Skill      XL: |  1  2  3  4  5  6 |
---------------+-------------------+-----
Polearms       | 5 6 9 10 | 10.4
Fighting       | |  2.1
Throwing       | |  2.0
Dodging        | |  4.0

Action                   |  1- 3 |  4- 6 || total
-------------------------+-------+-------++-------
Melee: Trident           |   120 |   147 ||   267
 Fire: Arbalest          |       |    17 ||    17
  Use: Potion            |       |     1 ||     1
 Stab: Sleeping          |     1 |       ||     1
  Eat: Chunk             |     1 |     3 ||     4
Armor: Leather armour    |     4 |       ||     4
       Ring mail         |    34 |    37 ||    71
Dodge: Dodged            |    81 |    80 ||   161
